 Dungeon Crawl Stone Soup version 0.24-a0-244-ga6a6ab7d13 (webtiles) character file.

Game seed: 8171997537708491567

45 Redear the Slasher (level 3, 0/20 HPs)
             Began as a Vine Stalker Monk on Apr 10, 2019.
             Slain by a worm (5 damage)
             ... on level 2 of the Dungeon.
             The game lasted 00:02:44 (916 turns).

Redear the Slasher (Vine Stalker Monk)               Turns: 916, Time: 00:02:44

Health: 0/20       AC:  3    Str: 14    XL:     3   Next: 64%
Magic:  0/4        EV: 13    Int: 10    God:
Gold:   119        SH:  0    Dex: 16    Spells: 2/2 levels left

rFire    . . .     SeeInvis .   k - +1 dagger (venom)
rCold    . . .     Gourm    .   (no shield)
rNeg     . . .     Faith    .   n - +0 leather armour
rPois    .         Spirit   +   (no helmet)
rElec    .         Reflect  .   (no cloak)
rCorr    .         Harm     .   (no gloves)
MR       .....                  (no boots)
Stlth    ++........             (no amulet)
HPRegen  0.06/turn              (no ring)
MPRegen  0.09/turn              (no ring)

@: no status effects
A: fangs 2, magic shield, antimagic bite, no potion heal 3, rot immunity
a: no special abilities


You were on level 2 of the Dungeon.
You were not hungry.

You visited 1 branch of the dungeon, and saw 2 of its levels.

You collected 119 gold pieces.

Inventory:

Hand Weapons
 a - a +0 falchion
 k - a +1 dagger of venom (weapon)
Armour
 b - a +0 robe
 n - a +0 leather armour (worn)
Scrolls
 c - a scroll of remove curse {unknown}
 d - 3 scrolls of enchant armour {unknown}
 g - 2 scrolls of teleportation {unknown}
 h - a scroll of identify {unknown}
 j - a scroll of enchant weapon {unknown}
 l - a scroll of amnesia {unknown}
Potions
 e - a potion of brilliance {unknown}
 f - 3 potions of might {unknown}
 i - 2 potions of curing {unknown}
 m - a potion of berserk rage {unknown}
Comestibles
 z - 3 rations


   Skills:
 + Level 3.2 Fighting
 + Level 3.2 Long Blades
 + Level 2.9 Dodging
 - Level 2.4 Stealth


You had 2 spell levels left.
You didn't know any spells.
Your spell library was empty.

Dungeon Overview and Level Annotations

Branches:
Dungeon (2/15)

Altars:
Trog


Innate Abilities, Weirdness & Mutations

You have extremely sharp teeth.
When hurt, damage is shared between your health and your magic reserves.
Your bite disrupts and absorbs the magic of your enemies.
Potions cannot restore your health.
You are immune to rotting.


Message History

Found a great mace and 12 gold pieces.
You are too injured to fight recklessly!
You are too injured to fight recklessly!
Found a leather armour.
The worm bites you.
You take 3 damage, and have 9/20 hp.
You now have 2/4 mp.
You hit the worm.
The worm is poisoned.
The worm is lightly wounded.
You hit the worm.
The worm looks as sick as possible!
The worm is heavily wounded.
The worm bites you.
* * * LOW HITPOINT WARNING * * *
You take 4 damage, and have 5/20 hp.
You now have 1/4 mp.
You hit the worm.
The worm looks as sick as possible!
The worm is severely wounded.
You hit the worm but do no damage.
The worm looks as sick as possible!
Your bite misses the worm.
The worm is severely wounded.
The worm bites you.
You die...

#. #......###
#..##.......##..
#...'....†...#..
#.###...##._.....#
##..##...##...
#..###.## ..
#.####..##..####..
..[..............
.........@.......
.).......w.......
.................
.................
..........$......
.......##########
#######


You could see a worm.

Vanquished Creatures
  A dart slug (D:1)
  5 bats
  A giant cockroach (D:1)
  6 goblins
  4 hobgoblins
  7 jackals
  4 kobolds (D:1)
  2 quokkas (D:2)
  4 frilled lizards (D:1)
  5 rats
39 creatures vanquished.

Notes
Turn   | Place    | Note
-------+----------+-------------------------------------------
     0 | D:1      | Redear the Vine Stalker Monk began the quest for the Orb.
     0 | D:1      | Reached XP level 1. HP: 11/11 MP: 2/2
    41 | D:1      | HP: 1/11 [frilled lizard (1)]
   141 | D:1      | Reached XP level 2. HP: 4/16 MP: 3/3
   362 | D:1      | Reached skill level 3 in Fighting
   369 | D:1      | Reached skill level 3 in Long Blades
   428 | D:1      | Reached XP level 3. HP: 11/20 MP: 2/4
   890 | D:2      | Found a bloodstained altar of Trog.
   916 | D:2      | Slain by a worm

Levels and vault maps discovered:
D:1:      doesnt_arrival_eight_statues, layout_basic
D:2:      layout_basic, trog_three_pillars_becter

Skill      XL: |  1  2 |
---------------+-------+-----
Fighting       | 3 |  3.2
Long Blades    | 3 |  3.2
Dodging        | |  2.9
Stealth        | |  2.4

Action                   || total
-------------------------++-------
Melee: Falchion          ||    47
       Bite              ||    24
       Dagger            ||    45
 Stab: Sleeping          ||     6
Armor: Robe              ||    22
       Leather armour    ||     2
Dodge: Dodged            ||    71
       Rpst.: Falchion   ||     8

Table legend:
 A = Non-vault XP
 B = Vault XP
 C = Vault XP percentage of total XP
 D = Non-vault monster count
 E = Vault monster count
 F = Vault count percentage of total count
                 A         B        C        D         E       F
            +---------+---------+-------+---------+---------+-------
      Total |      65 |       0 |   0.0 |      39 |       0 |   0.0
            +---------+---------+-------+---------+---------+-------
        D:1 |      40 |       0 |   0.0 |      24 |       0 |   0.0
        D:2 |      25 |       0 |   0.0 |      15 |       0 |   0.0
            +---------+---------+-------+---------+---------+-------
